 Dungeon Crawl Stone Soup version 0.27.0-1-g7a089689b8 (webtiles) character file.

Game seed: 4162879893105810704

774 freelancePsychic the Covert (level 7, -3/37 HPs)
             Began as a Spriggan Delver on Aug 16, 2021.
             Killed from afar by Dowan (8 damage)
             ... with a puff of frost
             ... on level 5 of the Dungeon.
             The game lasted 00:11:28 (6954 turns).

freelancePsychic the Covert (Spriggan Delver)       Turns: 6954, Time: 00:11:28

Health: -3/37      AC:  2    Str:  8    XL:     7   Next: 53%
Magic:  8/8        EV: 17    Int: 13    God:
Gold:   128        SH:  0    Dex: 17    Spells: 6/6 levels left

rFire    . . .     SeeInvis +   f - +0 dagger
rCold    . . .     Faith    .   (shield restricted)
rNeg     . . .     Spirit   .   b - +0 robe
rPois    .         Reflect  .   (helmet restricted)
rElec    .         Harm     .   (no cloak)
rCorr    +         Rampage  .   (gloves unavailable)
Will     +....                  (boots unavailable)
Stlth    +++++.....             (no amulet)
HPRegen  0.12/turn              d - ring of resist corrosion
MPRegen  0.11/turn              (no ring)

@: very quick
A: very small, no large weapons, unfitting armour, see invisible, speed 3
a: no special abilities


You were on level 5 of the Dungeon.
You visited 1 branch of the dungeon, and saw 6 of its levels.

You collected 155 gold pieces.
You spent 27 gold pieces at shops.

Inventory:

Hand Weapons
 f - a +0 dagger (weapon)
Armour
 b - a +0 robe (worn)
Jewellery
 d - a ring of resist corrosion (left hand)
Wands
 g - a wand of digging (3)
 l - a wand of flame (5)
Scrolls
 c - a scroll of fog
 j - a scroll of silence
Potions
 a - a potion of brilliance
 i - a potion of flight {unknown}
 k - 2 potions of curing {unknown}
 m - a potion of might {unknown}
 n - a potion of lignification {unknown}
 o - 3 potions of attraction {unknown}


   Skills:
 + Level 3.9 Fighting
 + Level 5.7 Short Blades
 - Level 2.6 Dodging
 + Level 10.3 Stealth
 - Level 3.8 Evocations


You had 6 spell levels left.
You didn't know any spells.
Your spell library was empty.

Dungeon Overview and Level Annotations

Branches:
Dungeon (6/15)
 Temple: D:4-7

Altars:
Beogh

Shops:
D:1 *   D:2 (

Annotations:
D:3 3 runed translucent doors, Grinder; boopsy's ghost, weakling MiMo
D:5 Dowan; Duvessa; Prince Ribbit


Innate Abilities, Weirdness & Mutations

You are very small and have problems with some larger weapons.
You are too small for most types of armour.
You have supernaturally acute eyesight. (SInv)
You cover ground extremely quickly. (Speed+++)


Message History

The centaur skeleton completely misses you.
There is a stone staircase leading down here.
The centaur skeleton hits you.
The centaur skeleton completely misses you.
You climb downwards. 4 gnolls come into view.
There is a stone staircase leading up here.
The helpless gnoll fails to defend itself.
You skewer the gnoll like a kebab!!!
You kill the gnoll!
The gnoll shouts! x2
Okay, then.
The gnoll hits you with a +0 spear.
* * * LOW HITPOINT WARNING * * *
You climb upwards.
Level annotation: Prince Ribbit The centaur skeleton barely misses you.
The centaur skeleton misses you. The sky beast hits you.
* * * LOW HITPOINT WARNING * * *
The sky beast shocks you.
* * * LOW HITPOINT WARNING * * *
The centaur skeleton completely misses you.
The centaur skeleton misses you.
There is a stone staircase leading down, spattered with blood here.
The gnoll hits you from afar with a +0 spear.
* * * LOW HITPOINT WARNING * * *
The sky beast barely misses you.
Found 12 stones.
The sky beast flickers out of sight for a moment.
You see here 12 stones.
Prince Ribbit blinks!
The sky beast flickers out of sight for a moment.
You start resting.
A sky beast is nearby!
Dowan, Brother of Duvessa comes into view.
He is wielding a +0 dagger.
Dowan shouts!
Duvessa, Sister of Dowan comes into view.
She is wielding a +0 short sword.
Dowan gestures at you while chanting. The puff of frost hits you!
You die...

### #.##############
#..Y...........#
#.############.# #.#
*######.########*****####
*#.#
#.......@.......,,,,,,..#
,#.#
#.#####e########******#.#
,#.#
****,****#..,,,,,,,..#####.#
,#.#
*,,,,,,,,..e,,,,,,,.........
,#.#
*,,,,,,*#####*******.#####.#
,#.# *,,,,,,* *,* #.# ,#.#
*,,,,,,* *,* #.# ,#.#
#.....,* *,* #.# ,#.#
#.##.#** *,* #†#


You could see Dowan.

Vanquished Creatures
  Sigmund (D:2)
  An ogre (D:5)
  Blork the orc (D:4)
  A scorpion (D:4)
  A water moccasin skeleton (D:5)
  A wyvern skeleton (D:5)
  A hound (D:4)
  Natasha (thrice) (D:4)
  2 iguanas
  A gnoll (D:6)
  A howler monkey skeleton (D:4)
  6 adders
  A worm (D:2)
  5 dart slugs
  5 orcs
  10 endoplasms
  A giant cockroach (D:2)
  4 goblins
  5 hobgoblins
  8 jackals
  4 quokkas
  8 ball pythons
  5 bats
  5 frilled lizards
  6 kobolds
  8 rats
95 creatures vanquished.

Notes
Turn   | Place    | Note
-------+----------+-------------------------------------------
     0 | D:5      | freelancePsychic the Spriggan Delver began the quest for
                  | the Orb.
     0 | D:5      | Reached XP level 1. HP: 11/11 MP: 2/2
    49 | D:5      | Noticed an iguana
   154 | D:4      | Noticed Natasha
   157 | D:4      | Noticed Blork the orc
   180 | D:5      | Noticed a shadow
   278 | D:4      | Noticed a hound
   443 | D:4      | Noticed a scorpion
   447 | D:4      | Killed a scorpion
   448 | D:4      | Reached skill level 8 in Stealth
   448 | D:4      | Reached XP level 2. HP: 16/16 MP: 3/3
   448 | D:4      | Reached XP level 3. HP: 19/19 MP: 4/4
   583 | D:4      | Killed Natasha
   584 | D:4      | Reached XP level 4. HP: 23/23 MP: 5/5
   623 | D:4      | Noticed Natasha
   624 | D:4      | Killed Natasha
   639 | D:4      | Reached XP level 5. HP: 27/27 MP: 6/6
  1859 | D:1      | Found Joicw's Assorted Antiques.
  1864 | D:1      | Bought a scroll labelled XUINUGRAEXT for 27 gold pieces
  3196 | D:2      | Found a faded altar of an unknown god.
  3415 | D:2      | You fall into a shaft and drop 1 floor!
  3469 | D:3      | Found a runed translucent gate.
  3470 | D:3      | Found a runed translucent gate.
  3471 | D:3      | Found a runed translucent gate.
  3472 | D:3      | Noticed boopsy's ghost (weakling MiMo)
  3473 | D:3      | Identified the +6 mace "Bynug" {vorpal, Will+ Str+10}
  3473 | D:3      | Identified the +2 scale mail of Parts Unknown {rPois Int+3
                  | Stlth+}
  3994 | D:3      | Reached skill level 9 in Stealth
  4329 | D:3      | Noticed Grinder
  4709 | D:2      | Noticed Sigmund
  4716 | D:2      | Killed Sigmund
  4717 | D:2      | Reached XP level 6. HP: 18/32 MP: 7/7
  4957 | D:2      | Found Caghaxt's Antique Weapon Shop.
  5544 | D:4      | Killed Blork the orc
  5545 | D:4      | Reached skill level 5 in Short Blades
  5809 | D:4      | Noticed Natasha
  5811 | D:4      | Killed Natasha
  5812 | D:4      | Reached XP level 7. HP: 20/36 MP: 8/8
  6456 | D:5      | Reached skill level 10 in Stealth
  6890 | D:5      | Noticed Prince Ribbit
  6951 | D:5      | Noticed Dowan
  6953 | D:5      | Noticed Duvessa
  6954 | D:5      | Killed from afar by Dowan

Illustrated notes

Levels and vault maps discovered:
D:1:      amcnicky_arrival_flooded_fountain, layout_basic, serial_shops, shop
D:2:      layout_rooms, hellmonk_ecumenical_altar_run_dry, serial_shops,
          nicolae_shop_waterfront, minivault_11, grunt_ministairs_11,
          minmay_puff, uniq_sigmund
D:3:      layout_basic, biasface_ghost_orc_armoury, uniq_grinder
D:4:      layout_gridville, chequers_serial_rivers_micro_a, uniq_blork_the_orc,
          uniq_natasha
D:5:      layout_basic, uniq_prince_ribbit1, uniq_duvessa
D:6:      layout_cave_pools, uniq_menkaure, uniq_maggie

Skill      XL: |  1  2  3  4  5  6  7 |
---------------+----------------------+-----
Short Blades   | 3 4 5 |  5.7
Stealth        | 8 9 10 | 10.3
Evocations     | 2 3 |  3.8
Fighting       | 3 |  3.9
Dodging        | |  2.6

Action                   |  1- 3 |  4- 6 |  7- 9 || total
-------------------------+-------+-------+-------++-------
Melee: Short sword       |     4 |     8 |       ||    12
       Dagger            |       |   406 |    53 ||   459
Evoke: Wand              |       |    20 |     1 ||    21
  Use: Scroll            |     2 |     5 |     1 ||     8
       Potion            |     1 |       |     1 ||     2
 Stab: Sleeping          |     4 |    29 |     3 ||    36
       Distracted        |       |     1 |     2 ||     3
Armor: Robe              |     1 |    29 |     5 ||    35
Dodge: Dodged            |     3 |   263 |    34 ||   300
